 Dungeon Crawl Stone Soup version 0.25.0-41-g26779e291d (webtiles) character file.

Game seed: 16416794629692879463

150 Ethylacetat the Insei (level 5, -3/35 HPs)
             Began as an Octopode Transmuter on July 10, 2020.
             Was an Initiate of Sif Muna.
             Slain by a hound (6 damage)
             ... on level 4 of the Dungeon.
             The game lasted 00:05:49 (4120 turns).

Ethylacetat the Insei (Octopode Transmuter)         Turns: 4120, Time: 00:05:50

Health: -3/35      AC:  1    Str: 11    XL:     5   Next: 32%
Magic:  7/8        EV: 13    Int: 15    God:    Sif Muna [......]
Gold:   158        SH:  0    Dex: 12    Spells: 8/9 levels left

rFire    . . .     SeeInvis .     - Unarmed
rCold    . . .     Gourm    .   (no shield)
rNeg     . . .     Faith    +   (helmet restricted)
rPois    +         Spirit   .   r - amulet of faith
rElec    .         Reflect  .   g - ring of poison resistance
rCorr    .         Harm     .   (no ring)
MR       .....                  (no ring)
Stlth    ++........             (no ring)
HPRegen  0.11/turn              (no ring)
MPRegen  0.11/turn              (no ring)
                                (no ring)
                                (no ring)

@: appendage
A: almost no armour, stealthy swim, amphibious, 8 rings, constrict 8, tentacle
spike 3, camouflage 1, gelatinous body 1
a: End Transformation, Renounce Religion


You were on level 4 of the Dungeon.
You worshipped Sif Muna.
Sif Muna was noncommittal.
You were not hungry.
One of your tentacles had a temporary spike.
You visited 1 branch of the dungeon, and saw 4 of its levels.

You collected 158 gold pieces.

Inventory:

Missiles
 a - 45 arrows
Jewellery
 g - a ring of poison resistance (left tentacle)
 q - an uncursed amulet of reflection {unknown}
 r - an amulet of faith (around mantle)
Scrolls
 b - 2 scrolls of blinking {unknown}
 d - 3 scrolls of teleportation {unknown}
 i - a scroll of enchant armour {unknown}
 j - 4 scrolls of amnesia {unknown}
 l - 6 scrolls of remove curse {unknown}
 m - 4 scrolls of identify {unknown}
 n - a scroll of random uselessness {unknown}
 p - a scroll of fear {unknown}
Potions
 e - a potion of heal wounds {unknown}
 f - 2 potions of curing
 h - a potion of brilliance {unknown}
 k - a potion of degeneration {unknown}
Comestibles
 c - 5 rations
 o - 3 chunks of flesh


   Skills:
 * Level 2.6 Fighting
 - Level 2.0 Dodging
 * Level 4.1 Unarmed Combat
 + Level 2.6 Spellcasting
 + Level 2.7 Transmutations
 + Level 0.9 Invocations


You had 8 spell levels left.
You knew the following spells:

 Your Spells              Type           Power        Failure   Level  Hunger
a - Beastly Appendage     Tmut           ##....       7%          1    #......

Your spell library contained the following spells:

 Spells                   Type           Power        Failure   Level  Hunger
 Sticks to Snakes         Tmut           ##......     11%         2    ###....
 Spider Form              Tmut/Pois      #.........   34%         3    ###....
 Ice Form                 Ice/Tmut       #.......     75%         4    #####..
 Blade Hands              Tmut           ##........   88%         5    ######.


Dungeon Overview and Level Annotations

Branches:
Dungeon (4/15)
 Temple: D:4-7

Altars:
Gozag
Qazlal
Sif Muna


Innate Abilities, Weirdness & Mutations

You cannot wear most types of armour.
You are very stealthy in the water. (Stealth+)
You are amphibious.
You can wear up to eight rings at the same time.
You can use your tentacles to constrict eight enemies at once.
Your skin changes colour to match your surroundings (Stealth+).
Your rubbery body absorbs attacks. (AC +1, EV +1)
One of your tentacles bears a large vicious spike.


Message History

Found 7 gold pieces.
You see here a worker ant corpse.
You butcher the worker ant corpse.
Your tentacle spike disappears.
o - 4 chunks of flesh (gained 3)
Press: ? - help, v - describe, . - travel The floor.
You start resting.
A hound comes into view.
Casting: Beastly Appendage (safe; 7% risk of failure)
Confirm with . or Enter, or press ? or * to list all spells.
One of your tentacles grows a vicious spike.
The hound barks!
A dart slug comes into view.
A bullfrog skeleton comes into view.
You are too injured to fight recklessly!
Some of the chunks of flesh in your inventory have rotted away.
You tentacle-slap the hound. You grab the hound.
The hound is lightly wounded.
You constrict the hound. The hound bites you.
You die...

..... .)..###...!.
....##.......##
.............. ###$
#..##.......####....Z
#..# #.....#.......w.
#..## #.#.#.#.##
#...# ##....h..#
#.<.###.#.#@#.##..
#........>.......#
###.###.#.#.#.####
#.# #..........
......#.#.#.###
##.#######.#... #..
..$.### #.# #.## #.#
.#


You could see a hound.

Vanquished Creatures
  A worker ant (D:4)
  6 adders
  2 worms (D:3)
  3 dart slugs
  4 orcs (D:3)
  4 bats
  7 hobgoblins
  4 jackals (D:3)
  2 kobolds (D:3)
  A quokka (D:3)
  3 frilled lizards
  10 goblins
  11 rats
58 creatures vanquished.

Notes
Turn   | Place    | Note
-------+----------+-------------------------------------------
     0 | D:1      | Ethylacetat the Octopode Transmuter began the quest for the
                  | Orb.
     0 | D:1      | Reached XP level 1. HP: 13/13 MP: 3/3
   503 | D:1      | Reached XP level 2. HP: 9/18 MP: 3/5
  1331 | D:2      | Reached XP level 3. HP: 7/24 MP: 4/6
  1867 | D:2      | Found a stormy altar of Qazlal.
  2327 | D:3      | Found a shimmering blue altar of Sif Muna.
  2354 | D:3      | Became a worshipper of Sif Muna the Loreminder
  2570 | D:3      | Reached XP level 4. HP: 27/29 MP: 7/7
  3194 | D:3      | Reached skill level 4 in Unarmed Combat
  3394 | D:3      | Found an opulent altar of Gozag.
  3630 | D:3      | Reached XP level 5. HP: 30/35 MP: 8/8
  4107 | D:4      | HP: 1/35 [worker ant (7)]
  4120 | D:4      | Slain by a hound

Illustrated notes

Levels and vault maps discovered:
D:1:      minmay_arrival_five_plusses, layout_basic, minmay_vboxes
D:2:      layout_basic, nicolae_qazlal_eye_of_the_storm, minmay_liquid_box
D:3:      layout_loops_corners, nicolae_gozag_seed_capital,
          overflow_temple_1_default, kennysheep_generic_room_3
D:4:      layout_loops_ring, old_standard_altar, grunt_temple_overflow_open,
          st_stairs_8, minmay_circle_x

Skill      XL: |  1  2  3  4 |
---------------+-------------+-----
Fighting       | 2 |  2.6
Unarmed Combat | 4 |  4.1
Dodging        | |  2.0
Spellcasting   | |  2.6
Transmutations | |  2.7
Invocations    | |  0.9

Action                   |  1- 3 |  4- 6 || total
-------------------------+-------+-------++-------
Melee: Unarmed           |    71 |    76 ||   147
       Constrict         |    24 |    15 ||    39
       Tentacles         |     8 |     8 ||    16
       Kick              |     2 |    14 ||    16
 Cast: Beastly Appendage |     5 |    13 ||    18
  Use: Potion            |       |     1 ||     1
 Stab: Sleeping          |     9 |     6 ||    15
  Eat: Chunk             |     5 |     5 ||    10
Armor: Skin              |     5 |     3 ||     8
Dodge: Dodged            |    38 |    39 ||    77
